 Dungeon Crawl Stone Soup version 0.32-a0-520-g344ed53f66 (webtiles) character file.

Game seed: 13756109598175899231

123 lunkers the Firebug (level 4, -2/33 HPs)
             Began as a Mountain Dwarf Fire Elementalist on Feb 27, 2024.
             Slain by an orc priest
             ... wielding a +0 whip
              (4 damage)
             ... on level 3 of the Dungeon.
             The game lasted 00:03:58 (3321 turns).

lunkers the Firebug (MDFE)                          Turns: 3321, Time: 00:03:58

Health: -2/33      AC:  5    Str: 10    XL:     4   Next: 79%
Magic:  1/6        EV: 11    Int: 18    God:
Gold:   112        SH:  0    Dex: 10    Spells: 3/6 levels left

rFire   . . .        r - +1 dagger (holy)
rCold   . . .        m - orb {light}
rNeg    . . .        a - +0 robe
rPois   .            i - +0 helmet
rElec   .            (no cloak)
rCorr   .            q - +0 pair of gloves
SInv    .            k - +0 pair of boots
Will    .....        (no amulet)
Stlth   +            (no ring)
HPRegen 0.25/turn    (no ring)
MPRegen 0.10/turn

%: no passive effects
@: glowing
A: runic magic, artefact enchanting
a: Convert to Beogh


You were on level 3 of the Dungeon.
You visited 1 branch of the dungeon, and saw 3 of its levels.

You collected 112 gold pieces.

Inventory:

Hand Weapons
 c - a +0 dagger
 r - a +1 dagger of holy wrath (weapon)
Armour
 a - a +0 robe (worn)
 i - a +0 helmet (worn)
 k - a +0 pair of boots (worn)
 m - an orb of light (worn)
 q - a +0 pair of gloves (worn)
Wands
 l - a wand of acid (6)
Scrolls
 e - 3 scrolls of identify {unknown}
 f - a scroll of enchant weapon {unknown}
 g - a scroll of acquirement {unknown}
 h - a scroll of brand weapon {unknown}
 j - a scroll of amnesia {unknown}
 o - a scroll of poison {unknown}
 p - a scroll of noise {unknown}
 s - a scroll of revelation {unknown}
Potions
 b - a potion of magic
 d - 3 potions of lignification {unknown}
 n - 2 potions of heal wounds {unknown}


   Skills:
 - Level 1.3 Dodging
 - Level 1.4 Stealth
 - Level 1.7 Spellcasting
 - Level 0.8 Conjurations
 * Level 6.7 Fire Magic


You had 3 spell levels left.
You knew the following spells:

 Your Spells              Type           Power      Damage    Failure   Level
b - Scorch                Fire           52%        2d7       1%          2
p - Foxfire               Conj/Fire      60%        2x1d7     3%          1

Your spell library contained the following spells:

 Spells                   Type           Power      Damage    Failure   Level
 Inner Flame              Hex/Fire       13%        N/A       14%         3
 Volatile Blastmotes      Fire/Tloc      26%        2d12      14%         3
 Lesser Beckoning         Tloc           2%         N/A       28%         2
 Gell's Gravitas          Tloc           1%         N/A       50%         3
 Teleport Other           Tloc           1%         N/A       50%         3
 Flame Wave               Conj/Fire      15%        2d7       36%         4


Dungeon Overview and Level Annotations

Branches:
Dungeon (3/15)

Altars:
Qazlal

Shops:
D:2 !


Innate Abilities, Weirdness & Mutations

Your spellcasting is much less encumbered by armour.
You can use scrolls of enchantment on lesser artefacts.


Message History

The orc wizard is no longer more vulnerable to fire.
The foxfire hits the orc wizard.
You kill the orc wizard!
The orc priest hits you but does no damage.
You don't have enough magic to cast this spell.
Unknown command.
You don't have enough magic to cast this spell.
Unknown command.
Unknown command.
You hit the orc priest.
The orc priest is moderately wounded.
The foxfire hits the orc.
The orc is severely wounded.
The foxfire hits the orc.
You kill the orc!
The orc priest calls down the wrath of Beogh upon you.
Beogh smites you!
* * * LOW HITPOINT WARNING * * *
The orc priest shouts, "Beogh offers mercy even to people such as you.
Join us and be reborn!" (press Y on the ability menu to convert to Beogh)
You hit the orc priest.
The orc priest is severely wounded.
The orc hits you but does no damage.
The orc priest looks braver for a moment.
You hit the orc priest.
The orc priest is almost dead.
The orc priest shouts, "The Pantheon deserves no one's loyalty.
Let us show you the true path!" The orc hits you with a +0 whip.
* * * LOW HITPOINT WARNING * * *
The orc priest mumbles some strange prayers to Beogh against you.
Beogh smites you!
* * * LOW HITPOINT WARNING * * *
You hit the orc priest but do no damage.
The orc priest is almost dead.
The orc closely misses you. The orc priest closely misses you.
Unknown command.
You completely miss the orc priest.
The orc priest is almost dead.
The orc misses you. The orc priest hits you with a +0 whip.
You die...

## . †# ### ###.### ###
..# #..... ..#
#.####.#.#######.##
#.##..............######
#........#####.#@o).....
####.#.#.# #.#.o......
#.#.#.### #.#########
#.#.#...# #.#
####.#.#>#.# #.#
#.......[#.# #.#
#.##.#.#.#.###[#
#.##........##.#
#.##...........###


You could see an orc priest and an orc.

Vanquished Creatures
  An orc wizard (D:3)
  2 adders (D:2)
  2 dart slugs (D:1)
  2 ribbon worms (D:3)
  2 orcs (D:3)
  10 bats
  10 endoplasms
  4 goblins
  3 hobgoblins
  2 jackals (D:3)
  11 kobolds
  3 quokkas
  7 ball pythons
  3 frilled lizards
  5 rats
  A spectral kobold (D:2)
68 creatures vanquished.

Vanquished Creatures (others)
  149 foxfires
149 creatures vanquished.

Grand Total: 217 creatures vanquished

Notes
Turn   | Place    | Note
-------+----------+-------------------------------------------
     0 | D:1      | lunkers the Mountain Dwarf Fire Elementalist began the
                  | quest for the Orb.
     0 | D:1      | Reached XP level 1. HP: 14/14 MP: 3/3
    45 | D:1      | Reached skill level 4 in Fire Magic
   201 | D:1      | Reached XP level 2. HP: 18/20 MP: 1/4
   380 | D:1      | Learned a level 2 spell: Scorch
  1248 | D:1      | Reached skill level 5 in Fire Magic
  1296 | D:1      | Reached XP level 3. HP: 26/26 MP: 1/5
  1873 | D:2      | Found a faded altar of an unknown god.
  2180 | D:2      | Found Tehyalio's Distillery.
  2403 | D:2      | Reached skill level 6 in Fire Magic
  2403 | D:2      | Reached XP level 4. HP: 33/33 MP: 3/6
  2941 | D:3      | Found a stormy altar of Qazlal.
  3319 | D:3      | HP: 1/33 [orc priest/divine providence (16)]
  3321 | D:3      | Slain by an orc priest

Illustrated notes

Levels and vault maps discovered:
D:1:      minmay_arrival_four_houses, layout_basic
D:2:      layout_basic, dreamdust_ecumenical_altar_drowned_temple, serial_shops,
          shop
D:3:      layout_loops_ring, overflow_temple_1_default, minmay_vboxes

Skill      XL: |  1  2  3 |
---------------+----------+-----
Fire Magic     | 4 5 6 |  6.7
Dodging        | |  1.3
Stealth        | |  1.4
Spellcasting   | |  1.7
Conjurations   | |  0.8

Action                     |  1- 3 |  4- 6 || total
---------------------------+-------+-------++-------
  Melee: Unarmed           |    13 |       ||    13
         Dagger            |    65 |    18 ||    83
   Cast: Foxfire           |    66 |    27 ||    93
         Scorch            |    11 |     9 ||    20
   Stab: Distracted        |     1 |       ||     1
 Armour: Robe              |    38 |    14 ||    52
  Dodge: Dodged            |    46 |    11 ||    57
         Repelled          |     2 |     2 ||     4

Table legend: (Time is in decaauts)
 A = Elapsed time spent in this place.
 B = Non-inter-level travel time spent in this place.
 C = Inter-level travel time spent in this place.
 D = Time resting spent in this place.
 E = Time spent auto-exploring this place.
 F = Levels seen in this place.
 G = Mean time per level.
                   A        B        C        D        E       F      G
               +--------+--------+--------+--------+--------+-----+--------+
         Total |   3331 |   3245 |     86 |      0 |   2776 |   3 | 1110.3 |
       Dungeon |   3331 |   3245 |     86 |      0 |   2776 |   3 | 1110.3 |
               +--------+--------+--------+--------+--------+-----+--------+

Top non-repeatable levels by time:
     D:1: 1698 daAuts
     D:2: 918 daAuts
     D:3: 714 daAuts
